| TOP OF THE 1ST |
|
Great Lakes Loons batting - Pitching for Hagerstown Suns : LHP Peni Keli'i
|
|
Pitching: LHP Peni Keli'i
|
|
|
Batting: RHB Ruben Serrata
|
0-0: Hit by Pitch
|
|
Batting: RHB Jason Baldwin
|
0-0: Ball 1-0: Foul Ball, location: 2F 1-1: Foul Ball, location: 2F 1-2: Ball 2-2: Fielders Choice at 2nd, 6-4 (Groundball, 6, EV 88.8 MPH)
|
|
Batting: LHB Jesus Ramirez
|
0-0: Called Strike 0-1: Ball 1-1: Ball Jason Baldwin steals 2nd base (no throw) 2-1: Swinging Strike 2-2: Ball 3-2: Foul Ball, location: 2F 3-2: Fly out, F7 (Flyball, 7LD, EV 105.6 MPH) Runner from 2nd tags up, SAFE at 3rd, no throw by LF
|
|
Batting: RHB Steve Clark
|
0-0: Swinging Strike 0-1: Ball 1-1: Ground out 4-3 (Groundball, 4, EV 76.2 MPH)
|
| Top of the 1st over - 0 runs, 0 hits, 0 errors, 1 left on base; Great Lakes 0 - Hagerstown 0 |
| BOTTOM OF THE 1ST |
|
Hagerstown Suns batting - Pitching for Great Lakes Loons : LHP Nate Tate
|
|
Pitching: LHP Nate Tate
|
|
|
Batting: RHB Bobby Bricker
|
0-0: Called Strike 0-1: Swinging Strike 0-2: SINGLE (Groundball, 25, EV 68.8 MPH) (infield hit)
|
|
Batting: RHB Leo Gutierrez
|
0-0: Ball 1-0: Called Strike 1-1: Swinging Strike 1-2: Ball 2-2: Foul Ball, location: 2F 2-2: Ball 3-2: Foul Ball, location: 2F 3-2: Strikes out swinging
|
|
Batting: RHB John Savard
|
0-0: Called Strike 0-1: Swinging Strike 0-2: Ball 1-2: Strikes out swinging
|
|
Batting: RHB Justin Davenport
|
0-0: Called Strike Bobby Bricker steals 2nd base 0-1: Called Strike 0-2: Strikes out looking
|
| Bottom of the 1st over - 0 runs, 1 hit, 0 errors, 1 left on base; Great Lakes 0 - Hagerstown 0 |
| TOP OF THE 2ND |
|
Great Lakes Loons batting - Pitching for Hagerstown Suns : LHP Peni Keli'i
|
|
Batting: RHB Eddie Perry
|
0-0: Ball 1-0: Called Strike 1-1: Swinging Strike 1-2: Foul Ball, location: 2F 1-2: Strikes out swinging
|
|
Batting: RHB Justin Curran
|
0-0: Ball 1-0: Ball 2-0: Called Strike 2-1: Ball 3-1: Called Strike 3-2: Fly out, F8 (Flyball, 8LM, EV 92.5 MPH)
|
|
Batting: RHB Trevor Conklin
|
0-0: Ball 1-0: Swinging Strike 1-1: Called Strike 1-2: Foul Ball, location: 2F 1-2: Ball 2-2: Foul Ball, location: 2F 2-2: Ball 3-2: Foul Ball, location: 2F 3-2: Strikes out swinging
|
| Top of the 2nd over - 0 runs, 0 hits, 0 errors, 0 left on base; Great Lakes 0 - Hagerstown 0 |
| BOTTOM OF THE 2ND |
|
Hagerstown Suns batting - Pitching for Great Lakes Loons : LHP Nate Tate
|
|
Batting: RHB Jim Towle
|
0-0: Ball 1-0: Ground out 4-3 (Groundball, 4, EV 83.1 MPH)
|
|
Batting: LHB John Holst
|
0-0: Called Strike 0-1: Ball 1-1: Called Strike 1-2: Ball 2-2: Fly out, F8 (Flyball, 89M, EV 92.5 MPH)
|
|
Batting: LHB Chris Williams
|
0-0: Ball 1-0: Called Strike 1-1: Swinging Strike 1-2: Foul Ball, location: 2F 1-2: Ball 2-2: DOUBLE (Groundball, 3L, EV 99.4 MPH)
|
|
Batting: LHB Vince McLane
|
0-0: Called Strike 0-1: Ball 1-1: Called Strike 1-2: Ground out 6-3 (Groundball, P, EV 86.2 MPH)
|
| Bottom of the 2nd over - 0 runs, 1 hit, 0 errors, 1 left on base; Great Lakes 0 - Hagerstown 0 |
| TOP OF THE 3RD |
|
Great Lakes Loons batting - Pitching for Hagerstown Suns : LHP Peni Keli'i
|
|
Batting: LHB Jim Jardine
|
0-0: Fly out, F8 (Flyball, 89M, EV 78.8 MPH)
|
|
Batting: LHB Cory Bowler
|
0-0: Ball 1-0: Ball 2-0: Called Strike 2-1: Foul Ball, location: 2F 2-2: Strikes out looking
|
|
Batting: RHB Ruben Serrata
|
0-0: Ball 1-0: Ball 2-0: Called Strike 2-1: Ball 3-1: Base on Balls
|
|
Batting: RHB Jason Baldwin
|
0-0: Ball 1-0: Ball 2-0: Foul Ball, location: 2F Pickoff Throw to First - Out! 1-3
|
| Top of the 3rd over - 0 runs, 0 hits, 0 errors, 0 left on base; Great Lakes 0 - Hagerstown 0 |
| BOTTOM OF THE 3RD |
|
Hagerstown Suns batting - Pitching for Great Lakes Loons : LHP Nate Tate
|
|
Batting: LHB Yasuo Igarashi
|
0-0: Fly out, F7 (Flyball, 78M, EV 80.0 MPH)
|
|
Batting: RHB Bobby Bricker
|
0-0: Ball 1-0: Foul Ball, location: 2F 1-1: Called Strike 1-2: Strikes out looking
|
|
Batting: RHB Leo Gutierrez
|
0-0: Ball 1-0: Called Strike 1-1: Swinging Strike 1-2: Strikes out swinging, 2-3 out at first.
|
| Bottom of the 3rd over - 0 runs, 0 hits, 0 errors, 0 left on base; Great Lakes 0 - Hagerstown 0 |
| TOP OF THE 4TH |
|
Great Lakes Loons batting - Pitching for Hagerstown Suns : LHP Peni Keli'i
|
|
Batting: RHB Jason Baldwin
|
0-0: Swinging Strike 0-1: Swinging Strike 0-2: Ball 1-2: Strikes out swinging
|
|
Batting: LHB Jesus Ramirez
|
0-0: Foul Ball, location: 2F 0-1: Foul Ball, location: 2F 0-2: Ball 1-2: Fly out, F8 (Flyball, 78S, EV 92.5 MPH)
|
|
Batting: RHB Steve Clark
|
0-0: Ball 1-0: Ball 2-0: Called Strike 2-1: Foul Ball, location: 2F 2-2: Strikes out swinging
|
| Top of the 4th over - 0 runs, 0 hits, 0 errors, 0 left on base; Great Lakes 0 - Hagerstown 0 |
| BOTTOM OF THE 4TH |
|
Hagerstown Suns batting - Pitching for Great Lakes Loons : LHP Nate Tate
|
|
Batting: RHB John Savard
|
0-0: Ball 1-0: Foul Ball, location: 2F 1-1: Called Strike 1-2: Strikes out swinging
|
|
Batting: RHB Justin Davenport
|
0-0: Ball 1-0: Called Strike 1-1: Ball 2-1: Foul Ball, location: 2F 2-2: Ball 3-2: Strikes out swinging
|
|
Batting: RHB Jim Towle
|
0-0: Called Strike 0-1: Foul Ball, location: 2F 0-2: Ball 1-2: Strikes out looking
|
| Bottom of the 4th over - 0 runs, 0 hits, 0 errors, 0 left on base; Great Lakes 0 - Hagerstown 0 |
| TOP OF THE 5TH |
|
Great Lakes Loons batting - Pitching for Hagerstown Suns : LHP Peni Keli'i
|
|
Batting: RHB Eddie Perry
|
0-0: Ball 1-0: Ball 2-0: Called Strike 2-1: SINGLE (Groundball, 6D, EV 102.5 MPH)
|
|
Batting: RHB Justin Curran
|
0-0: Called Strike 0-1: Swinging Strike 0-2: Foul Ball, location: 2F 0-2: SINGLE (Groundball, 56D, EV 105.0 MPH) Eddie Perry to second
|
|
Batting: RHB Trevor Conklin
|
0-0: Called Strike 0-1: Ball 1-1: Foul Ball, location: 2F 1-2: Strikes out swinging
|
|
Batting: LHB Jim Jardine
|
0-0: Foul Ball, location: 2F 0-1: Ball 1-1: Called Strike 1-2: Grounds into double play, 6-4-3 (Groundball, 6, EV 80.0 MPH)
|
| Top of the 5th over - 0 runs, 2 hits, 0 errors, 1 left on base; Great Lakes 0 - Hagerstown 0 |
| BOTTOM OF THE 5TH |
|
Hagerstown Suns batting - Pitching for Great Lakes Loons : LHP Nate Tate
|
|
Batting: LHB John Holst
|
0-0: Called Strike 0-1: Ball 1-1: Ball 2-1: Foul Ball, location: 2F 2-2: Fly out, F8 (Flyball, 8RD, EV 94.4 MPH)
|
|
Batting: LHB Chris Williams
|
0-0: Called Strike 0-1: Ball 1-1: Foul Ball, location: 2F 1-2: Ball 2-2: Fly out, F3 (Popup, 23F, EV 91.9 MPH)
|
|
Batting: LHB Vince McLane
|
0-0: Called Strike 0-1: Ball 1-1: Ball 2-1: Swinging Strike 2-2: Ball 3-2: SINGLE (Groundball, 56, EV 84.4 MPH) (infield hit)
|
|
Batting: LHB Yasuo Igarashi
|
0-0: Called Strike Vince McLane steals 2nd base 0-1: Ground out U3 (Groundball, 3, EV 85.6 MPH)
|
| Bottom of the 5th over - 0 runs, 1 hit, 0 errors, 1 left on base; Great Lakes 0 - Hagerstown 0 |
| TOP OF THE 6TH |
|
Great Lakes Loons batting - Pitching for Hagerstown Suns : LHP Peni Keli'i
|
|
Batting: LHB Cory Bowler
|
0-0: Ball 1-0: Ball 2-0: Ball 3-0: Called Strike 3-1: Fly out, F4 (Popup, 4, EV 50.6 MPH)
|
|
Batting: RHB Ruben Serrata
|
0-0: Called Strike 0-1: Swinging Strike 0-2: Ball 1-2: Ground out U3 (Groundball, 13, EV 88.8 MPH)
|
|
Batting: RHB Jason Baldwin
|
0-0: Ball 1-0: Ground out 5-3 (Groundball, 56, EV 76.9 MPH)
|
| Top of the 6th over - 0 runs, 0 hits, 0 errors, 0 left on base; Great Lakes 0 - Hagerstown 0 |
| BOTTOM OF THE 6TH |
|
Hagerstown Suns batting - Pitching for Great Lakes Loons : LHP Nate Tate
|
|
Batting: RHB Bobby Bricker
|
0-0: Ball 1-0: Ground out 6-3 (Groundball, 6, EV 104.4 MPH)
|
|
Batting: RHB Leo Gutierrez
|
0-0: SINGLE (Groundball, 4MD, EV 97.5 MPH)
|
|
Batting: RHB John Savard
|
0-0: Called Strike 0-1: Called Strike Leo Gutierrez steals 2nd base 0-2: Foul Ball, location: 2F 0-2: Strikes out swinging
|
|
Batting: RHB Justin Davenport
|
0-0: Swinging Strike Passed Ball! Leo Gutierrez to third 0-1: Called Strike 0-2: Ball 1-2: Strikes out swinging
|
| Bottom of the 6th over - 0 runs, 1 hit, 0 errors, 1 left on base; Great Lakes 0 - Hagerstown 0 |
| TOP OF THE 7TH |
|
Great Lakes Loons batting - Pitching for Hagerstown Suns : LHP Peni Keli'i
|
|
Pitching: RHP Luis Astudillo
|
|
|
Batting: LHB Jesus Ramirez
|
0-0: Called Strike 0-1: Called Strike 0-2: Ball 1-2: Ball 2-2: Strikes out swinging
|
|
Batting: RHB Steve Clark
|
0-0: Called Strike 0-1: Ball 1-1: Fly out, F8 (Flyball, 8RXD, EV 99.4 MPH)
|
|
Batting: RHB Eddie Perry
|
0-0: Ball 1-0: Swinging Strike 1-1: Foul Ball, location: 2F 1-2: Ball 2-2: Ball 3-2: Strikes out looking
|
| Top of the 7th over - 0 runs, 0 hits, 0 errors, 0 left on base; Great Lakes 0 - Hagerstown 0 |
| BOTTOM OF THE 7TH |
|
Hagerstown Suns batting - Pitching for Great Lakes Loons : LHP Nate Tate
|
|
Batting: RHB Jim Towle
|
0-0: Called Strike 0-1: Called Strike 0-2: Strikes out swinging, 2-3 out at first.
|
|
Batting: LHB John Holst
|
0-0: Foul Ball, location: 2F 0-1: Foul Ball, location: 2F 0-2: Strikes out swinging
|
|
Batting: LHB Chris Williams
|
0-0: Ball 1-0: SINGLE (Groundball, 3D, EV 96.9 MPH)
|
|
Batting: LHB Vince McLane
|
0-0: Ground out 2-3 (Groundball, 2R, EV 68.8 MPH)
|
| Bottom of the 7th over - 0 runs, 1 hit, 0 errors, 1 left on base; Great Lakes 0 - Hagerstown 0 |
| TOP OF THE 8TH |
|
Great Lakes Loons batting - Pitching for Hagerstown Suns : RHP Luis Astudillo
|
|
Batting: RHB Justin Curran
|
0-0: Fly out, F8 (Line Drive, 8RM, EV 88.1 MPH)
|
|
Batting: RHB Trevor Conklin
|
0-0: Ball 1-0: Called Strike 1-1: Called Strike 1-2: Strikes out swinging
|
|
Batting: LHB Jim Jardine
|
0-0: Called Strike 0-1: Foul Ball, location: 2F 0-2: Strikes out swinging
|
| Top of the 8th over - 0 runs, 0 hits, 0 errors, 0 left on base; Great Lakes 0 - Hagerstown 0 |
| BOTTOM OF THE 8TH |
|
Hagerstown Suns batting - Pitching for Great Lakes Loons : LHP Nate Tate
|
|
Batting: LHB Yasuo Igarashi
|
0-0: Foul Ball, location: 2F 0-1: Foul Ball, location: 2F 0-2: Ball 1-2: Ball 2-2: Fly out, F6 (Line Drive, 6, EV 63.8 MPH)
|
|
Batting: RHB Bobby Bricker
|
0-0: SINGLE (Groundball, 5S, EV 73.8 MPH) (infield hit)
|
|
Batting: RHB Leo Gutierrez
|
0-0: Called Strike Bobby Bricker steals 2nd base 0-1: Ground out 4-3 (Groundball, 4, EV 88.1 MPH) Bobby Bricker to third
|
|
Batting: RHB John Savard
|
0-0: Ball 1-0: Ball Wild Pitch! Bobby Bricker scores 2-0: Ground out 6-3 (Groundball, 6MS, EV 88.1 MPH)
|
| Bottom of the 8th over - 1 run, 1 hit, 0 errors, 0 left on base; Great Lakes 0 - Hagerstown 1 |
| TOP OF THE 9TH |
|
Great Lakes Loons batting - Pitching for Hagerstown Suns : RHP Luis Astudillo
|
|
Pitching: RHP Gareth Cutts
|
|
|
Batting: LHB Cory Bowler
|
0-0: Ball 1-0: Foul Ball, location: 2F 1-1: Foul Ball, location: 2F 1-2: Ball 2-2: Ground out 6-3 (Groundball, 6, EV 87.5 MPH)
|
|
Pinch Hitting: SHB Xavier Alaniz
|
0-0: Called Strike 0-1: Ball 1-1: Fly out, F9 (Flyball, 9S, EV 73.8 MPH)
|
|
Batting: RHB Jason Baldwin
|
0-0: Called Strike 0-1: DOUBLE (Flyball, 78XD, EV 102.5 MPH)
|
|
Batting: LHB Jesus Ramirez
|
0-0: Ball 1-0: Ground out 4-3 (Groundball, 4, EV 90.6 MPH)
|
| Top of the 9th over - 0 runs, 1 hit, 0 errors, 1 left on base; Great Lakes 0 - Hagerstown 1 |
|